Map: Ley Lines

Players

wootwoot - Winner!

  • Race: Zerg Zerg
  • League: Diamond
  • Spawn Location: 1:00

Chaldi

  • Race: Zerg Zerg
  • League: Diamond
  • Spawn Location: 7:00

VOD

Have the link to the VOD?

Description

Time

  • Played on: April 2, 2025, 8:27 p.m.
  • Length: 3:56
Show
View Real Time Build Order
Export as new Build Order

wootwoot Zerg - Winner!

Build Orders: Hatch First 

Get SALT Encoding   

  12  0:00  Drone  
  13  0:13  Overlord  
  13  0:17  Drone  
  14  0:31  Drone x2  
  16  0:47  Hatchery  
  15  0:50  Drone  
  15  0:54  Drone  
  15  0:56  Drone  
  18  1:00  Extractor  
  17  1:15  Spawning Pool  
  17  1:16  Drone  
  17  1:22  Drone  
  18  1:28  Drone  
  19  1:40  Overlord  
  19  2:02  Metabolic Boost  
  19  2:03  Queen x2  
  19  2:05  Zergling x2  
  24  2:09  Zergling x2  
  24  2:12  Zergling x2  
  27  2:15  Zergling x2  
  27  2:17  Zergling x2  
  27  2:21  Zergling x2  
  29  2:23  Zergling x2  
  30  2:32  Overlord  
  30  2:38  Zergling x2  
  30  2:43  Zergling x4  
  33  2:56  Zergling x4  
  35  3:05  Zergling x4  
  37  3:12  Zergling x4  
  38  3:13  Zergling x6  
  38  3:17  Zergling x2  
  38  3:18  Zergling x2  
  43  3:21  Overlord  
Show
View Real Time Build Order
Export as new Build Order

Chaldi Zerg 

Build Orders: Pool First 

Get SALT Encoding   

  12  0:00  Drone  
  13  0:09  Drone  
  14  0:14  Drone, Extractor  
  15  0:21  Overlord  
  15  0:37  Spawning Pool  
  15  0:39  Drone  
  15  0:43  Drone  
  15  0:46  Drone  
  17  0:54  Drone  
  18  1:09  Hatchery  
  17  1:13  Drone  
  18  1:24  Zergling x2  
  19  1:25  Extractor  
  19  1:27  Queen  
  19  1:30  Zergling x2  
  21  1:37  Overlord  
  21  1:51  Drone  
  22  1:58  Drone  
  23  2:05  Queen  
  25  2:17  Drone  
  25  2:21  Queen  
  25  2:22  Drone x2  
  30  2:29  Metabolic Boost  
  30  2:30  Drone  
  30  2:32  Overlord  
  31  2:47  Zergling x8  
  35  2:53  Baneling Nest  
  34  3:16  Drone x2  
  34  3:17  Drone x4, Zergling x2  
  40  3:32  Overlord  
Tags
 
Matchup
ZvZ
Race
Zerg
Replay Pack
B2M-Replays
Spawn Locations
Cross Positions
Add a new tag
Caveats
  • Supply blocks, unpowered buildings, or Contaminate may cause inaccurate times.
  • Supply counts are checked every 10 seconds.